| TOP OF THE 1ST |
|
Durango Desert Dogs batting - Pitching for Colon Scallywags : RHP Mike Moore
|
|
Pitching: RHP Mike Moore
|
|
|
Batting: RHB Dave C Anderson
|
0-0: Called Strike 0-1: Ball 1-1: Fly out, F4 (Flyball, 3D, EV 93.8 MPH)
|
|
Batting: RHB Rusty Tillman
|
0-0: Ball 1-0: Ball 2-0: Called Strike 2-1: Fly out, F7 (Flyball, 7, EV 91.9 MPH)
|
|
Batting: SHB Tony Phillips
|
0-0: Called Strike 0-1: Foul Ball, location: 2F 0-2: Ball 1-2: Ball 2-2: Ball 3-2: Ground out 4-3 (Groundball, 34D, EV 100.6 MPH)
|
| Top of the 1st over - 0 runs, 0 hits, 0 errors, 0 left on base; Durango 0 - Colon 0 |
| BOTTOM OF THE 1ST |
|
Colon Scallywags batting - Pitching for Durango Desert Dogs : RHP Douglas Mathey
|
|
Pitching: RHP Douglas Mathey
|
|
|
Batting: RHB Phil Bradley
|
0-0: Ball 1-0: SINGLE (Line Drive, 89S, EV 110.0 MPH)
|
|
Batting: RHB Marty G Barrett
|
0-0: Called Strike 0-1: Fly out, F9 (Flyball, 89S, EV 88.1 MPH)
|
|
Batting: SHB Willie McGee
|
0-0: Ball 1-0: Called Strike 1-1: Ball 2-1: Grounds into double play, 4-6-3 (Groundball, 4, EV 83.8 MPH)
|
| Bottom of the 1st over - 0 runs, 1 hit, 0 errors, 0 left on base; Durango 0 - Colon 0 |
| TOP OF THE 2ND |
|
Durango Desert Dogs batting - Pitching for Colon Scallywags : RHP Mike Moore
|
|
Batting: SHB Mike D Young
|
0-0: Called Strike 0-1: Foul Ball, location: 2F 0-2: Foul Ball, location: 2F 0-2: Ball 1-2: Foul Ball, location: 2F 1-2: SINGLE (Groundball, 6MD, EV 100.6 MPH)
|
|
Batting: LHB Greg Brock
|
0-0: Ball 1-0: Foul Ball, location: 2F 1-1: Ball 2-1: Foul Ball, location: 2F 2-2: Fly out, F7 (Flyball, 78M, EV 83.1 MPH)
|
|
Batting: LHB Randy S Johnson
|
0-0: Ball 1-0: Fly out, F8 (Flyball, 8LXD, EV 106.3 MPH)
|
|
Batting: RHB Nick Capra
|
0-0: Called Strike 0-1: Ball 1-1: Ball 2-1: Ball 3-1: Called Strike 3-2: Foul Ball, location: 2F Pickoff Throw to First - Error! E1 Mike D Young to second 3-2: Foul Ball, location: 2F 3-2: Ground out 4-3 (Groundball, 4, EV 78.8 MPH)
|
| Top of the 2nd over - 0 runs, 1 hit, 1 error, 1 left on base; Durango 0 - Colon 0 |
| BOTTOM OF THE 2ND |
|
Colon Scallywags batting - Pitching for Durango Desert Dogs : RHP Douglas Mathey
|
|
Batting: RHB Joe Carter
|
0-0: Called Strike 0-1: Ground out 6-3 (Groundball, 6MD, EV 101.9 MPH)
|
|
Batting: LHB Sid Bream
|
0-0: Called Strike 0-1: Ball 1-1: Ball 2-1: Fly out, F8 (Flyball, 78M, EV 90.0 MPH)
|
|
Batting: SHB Johnny Ray
|
0-0: Ball 1-0: Ball 2-0: Ground out 1-3 (Groundball, 13S, EV 65.6 MPH)
|
| Bottom of the 2nd over - 0 runs, 0 hits, 0 errors, 0 left on base; Durango 0 - Colon 0 |
| TOP OF THE 3RD |
|
Durango Desert Dogs batting - Pitching for Colon Scallywags : RHP Mike Moore
|
|
Batting: LHB Dan Graham
|
0-0: Foul Ball, location: 2F 0-1: Called Strike 0-2: Strikes out swinging
|
|
Batting: SHB Dale Sveum
|
0-0: Ball 1-0: Ball 2-0: Called Strike 2-1: Ground out U3 (Groundball, 3, EV 86.3 MPH)
|
|
Batting: RHB Dave C Anderson
|
0-0: Called Strike 0-1: Foul Ball, location: 2F 0-2: Reached via error on a dropped throw from P, E3 (Groundball, 15, EV 71.3 MPH)
|
|
Batting: RHB Rusty Tillman
|
0-0: Ball 1-0: Fly out, F9 (Flyball, 9, EV 87.5 MPH)
|
| Top of the 3rd over - 0 runs, 0 hits, 1 error, 1 left on base; Durango 0 - Colon 0 |
| BOTTOM OF THE 3RD |
|
Colon Scallywags batting - Pitching for Durango Desert Dogs : RHP Douglas Mathey
|
|
Batting: SHB Jordan Ayala
|
0-0: SINGLE (Line Drive, 8LS, EV 104.4 MPH)
|
|
Batting: RHB Edwin Agudelo
|
0-0: Called Strike Pickoff Throw to First - Error! E1 Jordan Ayala to second 0-1: Ball 1-1: Foul Ball, location: 2F 1-2: SINGLE (Line Drive, 7S, EV 105.6 MPH) Jordan Ayala to third
|
|
Batting: RHB Alejandro Luna
|
0-0: Called Strike 0-1: Called Strike 0-2: Ball 1-2: Ball 2-2: Foul Ball, location: 2F 2-2: Strikes out swinging
|
|
Batting: RHB Phil Bradley
|
0-0: Ball 1-0: Called Strike Edwin Agudelo is caught stealing 2nd base 2-4 1-1: Ball 2-1: Swinging Strike 2-2: Ball 3-2: SINGLE (Line Drive, 34D, EV 95.0 MPH) Jordan Ayala scores
|
|
Batting: RHB Marty G Barrett
|
0-0: Called Strike 0-1: Ball 1-1: Foul Ball, location: 2F 1-2: Ball 2-2: Foul Ball, location: 2F 2-2: Foul Ball, location: 2F 2-2: Ball 3-2: Foul Ball, location: 2F 3-2: Foul Ball, location: 2F 3-2: Foul Ball, location: 2F 3-2: Foul Ball, location: 2F 3-2: Foul Ball, location: 2F 3-2: Ground out 6-3 (Groundball, 6, EV 90.6 MPH)
|
| Bottom of the 3rd over - 1 run, 3 hits, 1 error, 1 left on base; Durango 0 - Colon 1 |
| TOP OF THE 4TH |
|
Durango Desert Dogs batting - Pitching for Colon Scallywags : RHP Mike Moore
|
|
Batting: SHB Tony Phillips
|
0-0: Ball 1-0: Ball 2-0: Called Strike 2-1: Ball 3-1: Called Strike 3-2: Base on Balls
|
|
Batting: SHB Mike D Young
|
0-0: Called Strike 0-1: Called Strike 0-2: Ball 1-2: Strikes out swinging
|
|
Batting: LHB Greg Brock
|
0-0: Ball 1-0: Swinging Strike 1-1: Ball 2-1: Fly out, F1 (Line Drive, P, EV 67.5 MPH)
|
|
Batting: LHB Randy S Johnson
|
0-0: Called Strike 0-1: Foul Ball, location: 2F 0-2: Foul Ball, location: 2F 0-2: Ground out 6-3 (Groundball, 6, EV 80.6 MPH)
|
| Top of the 4th over - 0 runs, 0 hits, 0 errors, 1 left on base; Durango 0 - Colon 1 |
| BOTTOM OF THE 4TH |
|
Colon Scallywags batting - Pitching for Durango Desert Dogs : RHP Douglas Mathey
|
|
Batting: SHB Willie McGee
|
0-0: Called Strike 0-1: Ball 1-1: Called Strike 1-2: Strikes out swinging
|
|
Batting: RHB Joe Carter
|
0-0: Swinging Strike 0-1: Fly out, F8 (Line Drive, 8RM, EV 95.0 MPH)
|
|
Batting: LHB Sid Bream
|
0-0: Swinging Strike 0-1: SINGLE (Line Drive, 78S, EV 100.0 MPH)
|
|
Batting: SHB Johnny Ray
|
0-0: Called Strike 0-1: Ball 1-1: Called Strike 1-2: Fielders Choice at 2nd, 6-4 (Groundball, 6, EV 98.1 MPH)
|
| Bottom of the 4th over - 0 runs, 1 hit, 0 errors, 1 left on base; Durango 0 - Colon 1 |
| TOP OF THE 5TH |
|
Durango Desert Dogs batting - Pitching for Colon Scallywags : RHP Mike Moore
|
|
Batting: RHB Nick Capra
|
0-0: Swinging Strike 0-1: Ground out 5-3 (Groundball, 56S, EV 88.8 MPH)
|
|
Batting: LHB Dan Graham
|
0-0: Ground out U3 (Groundball, 3, EV 81.9 MPH)
|
|
Batting: SHB Dale Sveum
|
0-0: Ball 1-0: Called Strike 1-1: Ball 2-1: Fly out, F8 (Flyball, 8LD, EV 96.9 MPH)
|
| Top of the 5th over - 0 runs, 0 hits, 0 errors, 0 left on base; Durango 0 - Colon 1 |
| BOTTOM OF THE 5TH |
|
Colon Scallywags batting - Pitching for Durango Desert Dogs : RHP Douglas Mathey
|
|
Batting: SHB Jordan Ayala
|
0-0: Foul Ball, location: 2F 0-1: Swinging Strike 0-2: Ball 1-2: Ball 2-2: Ball 3-2: Base on Balls
|
|
Batting: RHB Edwin Agudelo
|
0-0: Ball Jordan Ayala steals 2nd base 1-0: Ground out 6-3 (Groundball, 6, EV 82.5 MPH) Jordan Ayala to third
|
|
Batting: RHB Alejandro Luna
|
0-0: Ball 1-0: Ball 2-0: Foul Ball, location: 2F 2-1: Swinging Strike 2-2: Foul Ball, location: 2F 2-2: Strikes out swinging
|
|
Batting: RHB Phil Bradley
|
0-0: Called Strike 0-1: Ball 1-1: Foul Ball, location: 2F 1-2: Foul Ball, location: 2F 1-2: Foul Ball, location: 2F 1-2: Ball 2-2: Ball 3-2: Foul Ball, location: 2F 3-2: Base on Balls
|
|
Batting: RHB Marty G Barrett
|
0-0: Called Strike 0-1: Ball 1-1: Swinging Strike 1-2: Foul Ball, location: 2F 1-2: Ball 2-2: Fly out, F9 (Flyball, 9LM, EV 89.4 MPH)
|
| Bottom of the 5th over - 0 runs, 0 hits, 0 errors, 2 left on base; Durango 0 - Colon 1 |
| TOP OF THE 6TH |
|
Durango Desert Dogs batting - Pitching for Colon Scallywags : RHP Mike Moore
|
|
Batting: RHB Dave C Anderson
|
0-0: Called Strike 0-1: Foul Ball, location: 2F 0-2: Foul Ball, location: 2F 0-2: Ground out 5-3 (Groundball, 56S, EV 90.6 MPH)
|
|
Batting: RHB Rusty Tillman
|
0-0: Called Strike 0-1: Called Strike 0-2: Ball 1-2: Foul Ball, location: 2F 1-2: Strikes out looking
|
|
Batting: SHB Tony Phillips
|
0-0: Called Strike 0-1: Ball 1-1: Ball 2-1: Ball 3-1: Swinging Strike 3-2: Foul Ball, location: 2F 3-2: Foul Ball, location: 2F 3-2: Base on Balls
|
|
Batting: SHB Mike D Young
|
0-0: Called Strike 0-1: Ball 1-1: Ball 2-1: Ball 3-1: Fly out, F7 (Flyball, 7D, EV 98.1 MPH)
|
| Top of the 6th over - 0 runs, 0 hits, 0 errors, 1 left on base; Durango 0 - Colon 1 |
| BOTTOM OF THE 6TH |
|
Colon Scallywags batting - Pitching for Durango Desert Dogs : RHP Douglas Mathey
|
|
Batting: SHB Willie McGee
|
0-0: Ball 1-0: Ball 2-0: Fly out, F6 (Popup, 6MD, EV 67.5 MPH)
|
|
Batting: RHB Joe Carter
|
0-0: Fly out, F4 (Flyball, 4D, EV 85.0 MPH)
|
|
Batting: LHB Sid Bream
|
0-0: Called Strike 0-1: Ball 1-1: Ball 2-1: Foul Ball, location: 2F 2-2: Ball 3-2: Foul Ball, location: 2F 3-2: Ground out 4-3 (Groundball, 34D, EV 96.9 MPH)
|
| Bottom of the 6th over - 0 runs, 0 hits, 0 errors, 0 left on base; Durango 0 - Colon 1 |
| TOP OF THE 7TH |
|
Durango Desert Dogs batting - Pitching for Colon Scallywags : RHP Mike Moore
|
|
Now at 1B: Terry Lee
|
|
|
Batting: LHB Greg Brock
|
0-0: Foul Ball, location: 2F 0-1: Ball 1-1: Foul Ball, location: 2F 1-2: Foul Ball, location: 2F 1-2: Fly out, F9 (Flyball, 89M, EV 91.3 MPH)
|
|
Batting: LHB Randy S Johnson
|
0-0: Ball 1-0: Called Strike 1-1: Ball 2-1: Ball 3-1: Called Strike 3-2: Fly out, F8 (Flyball, 8LS, EV 93.8 MPH)
|
|
Batting: RHB Nick Capra
|
0-0: Called Strike 0-1: Ball 1-1: Reached on error, E5 (Groundball, 5L, EV 80.6 MPH)
|
|
Batting: LHB Dan Graham
|
0-0: Called Strike 0-1: Fielders Choice at 2nd, U4 (Groundball, 4M, EV 87.5 MPH)
|
| Top of the 7th over - 0 runs, 0 hits, 1 error, 1 left on base; Durango 0 - Colon 1 |
| BOTTOM OF THE 7TH |
|
Colon Scallywags batting - Pitching for Durango Desert Dogs : RHP Douglas Mathey
|
|
Batting: SHB Johnny Ray
|
0-0: Called Strike 0-1: Foul Ball, location: 2F 0-2: Ball 1-2: Ball 2-2: Ball 3-2: Base on Balls
|
|
Batting: SHB Jordan Ayala
|
0-0: Foul Ball, location: 2F 0-1: Ball 1-1: Ball 2-1: Ball 3-1: Fly out, F9 (Flyball, 9D, EV 105.0 MPH)
|
|
Batting: RHB Edwin Agudelo
|
0-0: Foul Ball, location: 2F 0-1: Ball 1-1: Ball Johnny Ray steals 2nd base 2-1: Ball 3-1: Fly out, F8 (Flyball, 78M, EV 71.3 MPH)
|
|
Batting: RHB Alejandro Luna
|
0-0: DOUBLE (Line Drive, 8RD, EV 106.3 MPH) Johnny Ray scores
|
|
Batting: RHB Phil Bradley
|
0-0: Swinging Strike 0-1: Ground out 6-3 (Groundball, 56, EV 78.1 MPH)
|
| Bottom of the 7th over - 1 run, 1 hit, 0 errors, 1 left on base; Durango 0 - Colon 2 |
| TOP OF THE 8TH |
|
Durango Desert Dogs batting - Pitching for Colon Scallywags : RHP Mike Moore
|
|
Now at 3B: Dave Aponte
|
|
|
Now at SS: Alex Zermeno
|
|
|
Batting: SHB Dale Sveum
|
0-0: Ground out 4-3 (Groundball, 4, EV 90.0 MPH)
|
|
Batting: RHB Dave C Anderson
|
0-0: Called Strike 0-1: Called Strike 0-2: Ball 1-2: SINGLE (Flyball, 8RS, EV 99.4 MPH) - OUT at second base trying to stretch hit.
|
|
Batting: RHB Rusty Tillman
|
0-0: Foul Ball, location: 2F 0-1: Called Strike 0-2: Ball 1-2: Ball 2-2: Ball 3-2: Foul Ball, location: 2F 3-2: Ground out 6-3 (Groundball, 6, EV 108.8 MPH)
|
| Top of the 8th over - 0 runs, 1 hit, 0 errors, 0 left on base; Durango 0 - Colon 2 |
| BOTTOM OF THE 8TH |
|
Colon Scallywags batting - Pitching for Durango Desert Dogs : RHP Douglas Mathey
|
|
Batting: RHB Marty G Barrett
|
0-0: Fly out, F7 (Flyball, 7D, EV 93.8 MPH)
|
|
Batting: SHB Willie McGee
|
0-0: Ball 1-0: Called Strike 1-1: Foul Ball, location: 2F 1-2: Strikes out swinging
|
|
Batting: RHB Joe Carter
|
0-0: Ground out 4-3 (Groundball, 4MS, EV 93.1 MPH)
|
| Bottom of the 8th over - 0 runs, 0 hits, 0 errors, 0 left on base; Durango 0 - Colon 2 |
| TOP OF THE 9TH |
|
Durango Desert Dogs batting - Pitching for Colon Scallywags : RHP Mike Moore
|
|
Batting: SHB Tony Phillips
|
0-0: Swinging Strike 0-1: Ground out 4-3 (Groundball, 4M, EV 80.6 MPH)
|
|
Batting: SHB Mike D Young
|
0-0: Called Strike 0-1: Ball 1-1: Swinging Strike 1-2: Ball 2-2: Fly out, F8 (Flyball, 78XD, EV 105.6 MPH)
|
|
Batting: LHB Greg Brock
|
0-0: Called Strike 0-1: Foul Ball, location: 2F 0-2: Foul Ball, location: 2F 0-2: Ball 1-2: Ball 2-2: Ball 3-2: Ground out 5-3 (Groundball, 5, EV 101.3 MPH)
|
| Top of the 9th over - 0 runs, 0 hits, 0 errors, 0 left on base; Durango 0 - Colon 2 |
|